 Dungeon Crawl Stone Soup version 0.22-a0-799-g88f5e90 (webtiles) character file.

98 sking99 the Ruffian (level 4, 0/42 HPs)
             Began as an Ogre Transmuter on July 20, 2018.
             Slain by an adder (3 damage)
             ... in a sewer on July 21, 2018.
             The game lasted 00:07:34 (3187 turns).

sking99 the Ruffian (Ogre Transmuter)               Turns: 3187, Time: 00:07:34

Health: 0/42       AC:  3    Str: 11 (14) XL:     4   Next: 71%
Magic:  0/7        EV: 10    Int: 11 (14) God:
Gold:   121        SH:  0    Dex:  8 (10) Spells: 3/8 levels left

rFire    . . .     SeeInvis .     - Unarmed
rCold    . . .     Gourm    .   (no shield)
rNeg     . . .     Faith    .   b - +0 robe
rPois    .         Spirit   .   (helmet restricted)
rElec    .         Reflect  .   (no cloak)
rCorr    .         Harm     .   (gloves unavailable)
MR       .....                  (boots unavailable)
Stlth    +.........             (no amulet)
HPRegen  0.14/turn              (no ring)
MPRegen  0.10/turn              (no ring)

@: lethally poisoned (0 -> -4), very slightly contaminated
A: large, unfitting armour, tough skin 1
a: no special abilities


You were in a sewer.
You were hungry.

You visited 1 branch of the dungeon, and saw 3 of its levels.
You also visited: Sewer.

You collected 121 gold pieces.

Inventory:

Missiles
 a - 11 arrows
Armour
 b - a +0 robe (worn)
Jewellery
 g - a +3 ring of intelligence {unknown}
 h - an uncursed amulet of harm {unknown}
 j - an uncursed amulet of harm {unknown}
Scrolls
 i - a scroll of amnesia
Comestibles
 c - 7 chunks of flesh
 d - 4 rations


   Skills:
 - Level 2.2 Fighting
 - Level 1.9 Dodging
 + Level 3.7 Unarmed Combat
 - Level 2.6 Spellcasting
 + Level 2.7 Transmutations
 - Level 1.0 Poison Magic


You had 3 spell levels left.
You knew the following spells:

 Your Spells              Type           Power        Failure   Level  Hunger
b - Sticks to Snakes      Tmut           #.......     14%         2    ###....
c - Spider Form           Tmut/Pois      #.........   36%         3    ####...

Your spell library contained the following spells:

 Spells                   Type           Power        Failure   Level  Hunger
 Blade Hands              Tmut           #.........   94%         5    ######.
 Ice Form                 Ice/Tmut       #.......     83%         4    #####..
 Beastly Appendage        Tmut           #.....       9%          1    ##.....


Dungeon Overview and Level Annotations

Branches:
Dungeon (3/15)

Altars:
Dithmenos
Qazlal


Innate Abilities, Weirdness & Mutations

You are too large for most types of armour.
You have tough skin. (AC +1)


Message History

The adder is heavily wounded.
The adder bites you but does no damage.
Your ball python bites the adder.
Your ball python closely misses the adder.
The adder closely misses your ball python.
The adder bites you.
* * * LOW HITPOINT WARNING * * *
You hit the adder.
The adder is almost dead.
The adder bites you but does no damage.
Your ball python barely misses the adder. x2
The adder bites your ball python.
Your ball python is poisoned.
The adder poisons your ball python! The adder bites you but does no damage.
You barely miss the adder.
The adder is almost dead.
* * * LOW HITPOINT WARNING * * *
You feel sick.
Your ball python dies!
The adder barely misses you. The adder bites you.
You die...

≈≈≈≈.≈. ≈≈≈≈≈≈≈≈≈#
≈≈≈≈≈≈.≈s≈≈≈≈≈≈≈≈≈≈#
≈≈≈≈≈≈≈≈≈≈≈≈≈≈.s≈≈≈#
≈≈≈≈≈≈≈≈≈≈≈≈≈≈.≈≈≈.#
..≈≈≈≈≈≈≈≈≈≈..≈s≈≈.#
≈≈≈≈≈≈≈≈≈≈≈≈≈≈≈≈≈≈.#
≈≈≈≈≈≈≈≈≈≈≈≈≈≈≈≈≈S.#
≈≈≈≈≈≈≈≈≈≈≈≈≈≈≈SS..#
................@.##
###################
###### .∩.∩.# ######


You could see 3 adders and 2 giant cockroaches.

Vanquished Creatures
  Robin (D:2)
  An adder (Sewer)
  2 oozes (D:1)
  A worm (D:1)
  5 leopard geckos
  An orc (D:3)
  4 ball pythons
  A bat (D:1)
  6 giant cockroaches
  13 goblins
  6 hobgoblins (D:1)
  3 kobolds (D:1)
  3 frilled lizards
  6 rats
53 creatures vanquished.

Notes
Turn   | Place    | Note
-------+----------+-------------------------------------------
     0 | D:1      | sking99 the Ogre Transmuter began the quest for the Orb.
     0 | D:1      | Reached XP level 1. HP: 19/19 MP: 3/3
     0 | D:1      | Upgraded the game from 0.22-a0-782-g038298e to 0.22-a0-799-g88f5e90
   256 | D:1      | Reached XP level 2. HP: 23/28 MP: 5/5
   465 | D:1      | Reached skill level 3 in Unarmed Combat
   681 | D:1      | Reached XP level 3. HP: 33/35 MP: 6/6
   685 | D:1      | Learned a level 2 spell: Sticks to Snakes
   689 | D:1      | Learned a level 3 spell: Spider Form
  1892 | D:2      | Noticed Robin
  1912 | D:2      | Killed Robin
  1912 | D:2      | Reached XP level 4. HP: 22/42 MP: 1/7
  1983 | D:1      | Reached skill level 1 in Poison Magic
  2610 | D:2      | Found a stormy altar of Qazlal.
  2836 | D:3      | Found a shadowy altar of Dithmenos.
  2946 | D:3      | Found a glowing drain.
  2950 | Sewer    | Entered a sewer
  3187 | Sewer    | Slain by an adder

Vault maps used:
D:1:      evilmike_arrival_run_for_it, chequers_big_river
D:2:      nicolae_qazlal_eye_of_the_storm, uniq_robin
D:3:      grunt_dithmenos_smoke, first_ration, gup_sewer_entry_bowl
Sewer:    sewer_frog_island_01

Skill      XL: |  1  2  3  4 |
---------------+-------------+-----
Fighting       | 2 |  2.2
Unarmed Combat | 3 |  3.7
Transmutations | 2 |  2.7
Poison Magic   | 1 |  1.0
Dodging        | |  1.9
Spellcasting   | |  2.6

Action                   |  1- 3 |  4- 6 || total
-------------------------+-------+-------++-------
Melee: Unarmed           |   131 |    79 ||   210
 Cast: Spider Form       |     1 |     2 ||     3
       Sticks to Snakes  |       |     1 ||     1
  Use: Scroll            |       |     3 ||     3
       Potion            |       |     3 ||     3
 Stab: Sleeping          |     1 |       ||     1
  Eat: Chunk             |     2 |     2 ||     4
       Ration            |     1 |       ||     1
Armor: Robe              |    23 |    25 ||    48
       Skin              |     1 |       ||     1
Dodge: Dodged            |    55 |    63 ||   118

Table legend:
 A = Spawn XP
 B = Non-spawn XP
 C = Spawn XP percentage of total XP
 D = Spawn monster count
 E = Non-spawn monster count
 F = Spawn count percentage of total count
 G = Total turns spent on level
                    A         B        C        D         E        F      G
               +---------+---------+-------+---------+---------+-------+---------
         Total |       0 |     141 |   0.0 |       0 |      53 |   0.0 |  3187
               +---------+---------+-------+---------+---------+-------+---------
           D:1 |       0 |      56 |   0.0 |       0 |      23 |   0.0 |  2158
           D:2 |       0 |      43 |   0.0 |       0 |      15 |   0.0 |   665
           D:3 |       0 |      16 |   0.0 |       0 |       8 |   0.0 |   127
         Sewer |       0 |      26 |   0.0 |       0 |       7 |   0.0 |   237
               +---------+---------+-------+---------+---------+-------+---------
